 Dungeon Crawl Stone Soup version 0.18.1-1-g2f07953 (webtiles) character file.

368 imoen the Sneak (level 6, -3/28 HPs)
             Began as a Spriggan Enchanter on May 7, 2016.
             Slain by WereVolvo's ghost (31 damage)
             ... on level 4 of the Dungeon.
             The game lasted 00:23:00 (2926 turns).

imoen the Sneak (Spriggan Enchanter)                Turns: 2926, Time: 00:23:01

Health: -3/28      AC:  4    Str:  4    XL:     6   Next: 41%
Magic:  3/11       EV: 18    Int: 19    God:
Gold:   93         SH:  0    Dex: 16    Spells: 3 memorised, 4 levels left

rFire  . . .     SeeInvis +     b - +2 dagger (speed)
rCold  . . .     Gourm    +     s - +1 robe
rNeg   . . .     Faith    .     (shield restricted)
rPois  .         Spirit   .     (helmet restricted)
rElec  .         Dismiss  .     h - +0 cloak
rCorr  .         Reflect  .     (gloves unavailable)
SustAt .         Harm     .     (boots unavailable)
MR     ++...                    o - amulet of the gourmand
Stlth  ++++......               (no ring)
                                q - ring of protection from magic

@: very quick, very resistant to hostile enchantments, stealthy
A: unfitting armour, see invisible, herbivore 3, speed 3, slow metabolism 2
a: no special abilities


You were on level 4 of the Dungeon.
You were near starving.

You visited 1 branch of the dungeon, and saw 4 of its levels.

You collected 93 gold pieces.

Inventory:

Hand Weapons
 a - a +0 dagger of venom
   (You took it off an orc on level 4 of the Dungeon)
 b - a +2 dagger of speed (weapon)
   (You found it on level 3 of the Dungeon)
 v - a +1 dagger
Missiles
 n - 2 tomahawks (quivered)
Armour
 h - a +0 cloak (worn)
   (You found it on level 1 of the Dungeon)
 s - a +1 robe (worn)
Jewellery
 o - an amulet of the gourmand (around neck)
   (You found it on level 2 of the Dungeon)
 q - a ring of protection from magic (left hand)
   (You found it on level 2 of the Dungeon)
Scrolls
 g - a scroll of identify {unknown}
 k - a scroll of enchant armour {unknown}
 m - a scroll of remove curse {unknown}
 p - 2 scrolls of recharging {unknown}
 r - a scroll of fear {unknown}
 t - 2 scrolls of teleportation {unknown}
 u - a scroll of amnesia {unknown}
Potions
 e - a potion of lignification {unknown}
 f - 2 potions of degeneration {unknown}
 i - a potion of curing {unknown}
 l - 2 potions of heal wounds {unknown}
Books
 c - a book of Maledictions
Comestibles
 d - a bread ration


   Skills:
 - Level 6.0 Short Blades
 - Level 3.1 Dodging
 + Level 6.9 Stealth
 - Level 2.8 Spellcasting
 - Level 3.7 Hexes


You had 4 spell levels left.
You knew the following spells:

 Your Spells              Type           Power        Failure   Level  Hunger
a - Corona                Hex            ###....      4%          1    None
e - Confuse               Hex            ###.....     12%         3    ###....
f - Ensorcelled Hibernat  Hex/Ice        #.....       12%         2    ##.....


Dungeon Overview and Level Annotations

Branches:
Dungeon (4/15)
 Temple: D:4-7

Altars:
Elyvilon

Shops:
D:4 !

Portals:
Sewer: D:3

Annotations:
D:3 Natasha, Robin
D:4 WereVolvo's ghost, novice OgBe


Innate Abilities, Weirdness & Mutations

You are tiny and cannot use many weapons and most armour.
You have supernaturally acute eyesight.
You are a herbivore.
You cover ground extremely quickly.
You need consume almost no food.


Message History

Unknown command.
Unknown command.
There is an open door here.
You now have 83 gold pieces (gained 9).
You now have 93 gold pieces (gained 10).
You open the door.
An orc comes into view. It is wielding a club.
There is an open door here.
You regained 3 hp, and now have 27/28 hp.
The orc shouts!
An orc wizard comes into view. It is wielding a dagger.
Aim: an orc, wielding a club (chance to defeat MR: 79%)
The orc looks drowsy...
You now have 9/11 mp.
Unknown command.
An orc comes into view. It is wielding a mace.
The helpless orc fails to defend itself.
You stick the orc like a pincushion!!!
You kill the orc!
The orc shouts!
You see here a club.
The orc wizard shouts!
You hit the orc.
Wield which item (- for none, * to show all)? (? for menu, Esc to quit)
Your +0 dagger of venom begins to drip with poison!
a - a +0 dagger of venom (weapon)
You hit the orc.
The orc wizard gestures wildly while chanting.
The orc wizard blinks!
The orc completely misses you.
Health restored: 28 You completely miss the orc.
The orc completely misses you.
You hit the orc. You hit the orc.
You kill the orc!
Aim: an orc wizard, wielding a dagger and wearing a robe (chance to defeat MR: 40%)
The orc wizard looks drowsy...
You now have 8/11 mp.
Unknown command.
The helpless orc wizard fails to defend itself.
You perforate the orc wizard like a sieve!!!
You kill the orc wizard!
Your +0 dagger of venom stops dripping with poison.
Your hands tingle!
b - a +2 dagger of speed (weapon)
Things that are here:
a dagger; a robe You open the door.
There is an open door here.
There is an open door here.
You open the door.
A hound comes into view.
MP restored: 11 A hound is nearby!
There is an open door here.
The helpless hound fails to defend itself.
You perforate the hound like a sieve!!!
You kill the hound!
You open the door.
There is an open door here.
WereVolvo's ghost (novice Ogre Berserker) comes into view.
Unknown command.
Aim: WereVolvo's ghost (hasn't noticed you, chance to defeat MR: 25%)
Okay, then.
Wield which item (- for none, * to show all)? (? for menu, Esc to quit)
Okay, then.
Aim: WereVolvo's ghost (hasn't noticed you, chance to defeat MR: 25%) WereVolvo's ghost turns its malevolent gaze towards you.
WereVolvo's ghost resists with almost no effort.
You now have 8/11 mp.
Aim: WereVolvo's ghost (chance to defeat MR: 25%) WereVolvo's ghost resists with almost no effort.
You now have 5/11 mp.
Aim: WereVolvo's ghost (chance to defeat MR: 25%) WereVolvo's ghost appears confused.
You now have 2/11 mp.
Unknown command.
There is a stone staircase leading down here.
You hit WereVolvo's ghost.
You hit WereVolvo's ghost but do no damage.
You barely miss WereVolvo's ghost.
You hit WereVolvo's ghost but do no damage.
You hit WereVolvo's ghost. You hit WereVolvo's ghost.
You barely miss WereVolvo's ghost.
You hit WereVolvo's ghost but do no damage.
You hit WereVolvo's ghost but do no damage.
You are near starving!
You are too hungry to fight recklessly!
You catch the helpless WereVolvo's ghost completely off-guard!
You impale WereVolvo's ghost!! You hit WereVolvo's ghost.
You completely miss WereVolvo's ghost.
You hit WereVolvo's ghost but do no damage.
You catch the helpless WereVolvo's ghost completely off-guard!
You impale WereVolvo's ghost!!
You strike the helpless WereVolvo's ghost from behind!
You impale WereVolvo's ghost!! You hit WereVolvo's ghost.
WereVolvo's ghost hits you!!
Ouch! That really hurt!
You die...

....#####+#..................
..........#..................
..........#..................
.........#..................
........#..................
##########....'..................
.........#....#..>...#####.....##
.........#....#......+..<#.....#
.........###'##.@....#...#..<..#
.........#....##W....#...#.....#
.........+.....#.....#...#.....#
.........#.....#.....#...#.....#
.........#.....#.....'...#.....#
.........##'####.....#...#.....#
.....................#...#.....#
.....................#...#.....#
####'####............#...#.....#


You could see WereVolvo's ghost (confused).

Vanquished Creatures
  2 hounds (D:4)
  A giant frog skeleton (D:4)
  2 orc priests (D:3)
  2 orc wizards
  A centaur skeleton (D:4)
  A worker ant (D:4)
  6 adders
  An adder skeleton (D:4)
  2 dart slugs
  2 giant geckos
  10 orcs
  A giant cockroach (D:2)
  2 goblins
  4 hobgoblins (D:2)
  4 jackals
  A quokka (D:2)
  A ball python (D:2)
  2 bats
  A giant gecko skeleton (D:4)
  A giant newt (D:3)
  5 kobolds (D:2)
  2 rats (D:1)
54 creatures vanquished.

Notes
Turn   | Place    | Note
--------------------------------------------------------------
     0 | D:1      | imoen the Spriggan Enchanter began the quest for the Orb.
     0 | D:1      | Reached XP level 1. HP: 9/9 MP: 5/5
   675 | D:1      | Reached XP level 2. HP: 13/13 MP: 6/6
   717 | D:2      | Learned a level 2 spell: Ensorcelled Hibernation
   720 | D:2      | Reached skill level 2 in Short Blades
   735 | D:2      | Found a white marble altar of Elyvilon.
   996 | D:2      | Found a faded altar to an unknown god.
   999 | D:2      | Reached skill level 3 in Short Blades
   999 | D:2      | Reached XP level 3. HP: 16/16 MP: 8/8
  1558 | D:3      | Reached skill level 4 in Short Blades
  1567 | D:3      | Reached XP level 4. HP: 16/21 MP: 0/9
  1748 | D:3      | Learned a level 3 spell: Confuse
  1790 | D:3      | Reached skill level 5 in Short Blades
  1790 | D:3      | Reached XP level 5. HP: 24/24 MP: 1/10
  2056 | D:3      | Found a glowing drain.
  2057 | D:3      | Noticed Robin
  2058 | D:3      | Noticed Natasha
  2305 | D:4      | Reached skill level 6 in Short Blades
  2341 | D:4      | Found Wyseneamya's Distillery.
  2463 | D:4      | Reached skill level 5 in Stealth
  2472 | D:4      | Reached XP level 6. HP: 17/28 MP: 4/11
  2670 | D:4      | Reached skill level 6 in Stealth
  2902 | D:4      | Noticed WereVolvo's ghost (novice OgBe)
  2926 | D:4      | Slain by WereVolvo's ghost

Skill      XL: |  1  2  3  4  5  6 |
---------------+-------------------+-----
Short Blades   | 3 4 5 6 |  6.0
Stealth        | 5 6 |  6.9
Dodging        | |  3.1
Spellcasting   | |  2.8
Hexes          | |  3.7

Action                   |  1- 3 |  4- 6 || total
-------------------------+-------+-------++-------
Melee: Dagger            |    84 |   162 ||   246
 Cast: Ensorcelled Hiber |    14 |    16 ||    30
       Corona            |     3 |       ||     3
       Confuse           |       |    12 ||    12
 Stab: Sleeping          |    14 |    10 ||    24
       Confused          |       |     6 ||     6
  Eat: Pizza             |       |     1 ||     1
Armor: Robe              |     6 |    10 ||    16
Dodge: Dodged            |    63 |    67 ||   130

Vault maps used:
D:1:      minmay_arrival_five_plusses, corexii_hall_statues_deadend
D:2:      ecumenical_altar_1, elyvilon_altar_5
D:3:      portal_sewer_entry_a, uniq_robin, uniq_natasha
D:4:      serial_shops, shop

Table legend:
 A = Turns spent in this place as a percentage of turns spent in the entire game.
 B = Non-inter-level travel turns spent in this place as a percentage of non-inter-level travel turns spent in the entire game.
 C = Inter-level travel turns spent in this place as a percentage of turns spent in this place.
 D = Turns resting spent in this place as a percentage of non-inter-level travel turns spent in this place.
 E = Turns spent auto-exploring this place as a percentage of non-inter-level travel turns spent in this place.
 F = Non-inter-level travel turns spent in this place divided by the number of levels of this place that you've seen.
                   A       B       C       D       E      F
               +-------+-------+-------+-------+-------+----------------------
         Total | 100.0 | 100.0 |   0.4 |   0.9 |   3.9 | 347.5
       Dungeon | 100.0 | 100.0 |   0.4 |   0.9 |   3.9 | 347.5
               +-------+-------+-------+-------+-------+----------------------

Table legend:
 A = Kills in this place as a percentage of kills in entire the game.
 B = Kills by you in this place as a percentage of kills by you in the entire game.
 C = Kills by friends in this place as a percentage of kills by friends in the entire game.
 D = Other kills in this place as a percentage of other kills in the entire game.
 E = Experience gained in this place as a percentage of experience gained in the entire game.
 F = Experience gained in this place divided by the number of levels of this place that you have seen.
                   A       B       C       D       E      F
               +-------+-------+-------+-------+-------+----------------------
         Total | 100.0 | 100.0 |  -nan |  -nan | 100.0 | 131.8
       Dungeon | 100.0 | 100.0 |  -nan |  -nan | 100.0 | 131.8
               +-------+-------+-------+-------+-------+----------------------
